 Dungeon Sprint DCSS version 0.27-a0-277-g024f7ef292 (webtiles) character file.

Game seed: 8085107222937410101

29421 mhtbhm the Executioner (level 13, -3/143 HPs)
             Began as a Minotaur Fighter on Feb 6, 2021.
             Was the Champion of Trog.
             Slain by a four-headed hydra (9 damage)
             ... while paralysed by a great orb of eyes
             ... in the Dungeon (Sprint VII: "The Pits").
             The game lasted 00:06:13 (3011 turns).

mhtbhm the Executioner (Minotaur Fighter)           Turns: 3011, Time: 00:06:14

Health: -3/143     AC: 17    Str: 29    XL:     13   Next: 15%
Magic:  12/12      EV:  2    Int:  5    God:    Trog [******]
Gold:   54         SH:  0    Dex: 10    Spells: 12/12 levels left

rFire    . . .     SeeInvis .   a - +2 broad axe (flame)
rCold    + . .     Faith    .   c - +0 kite shield
rNeg     . . .     Spirit   .   b - +4 chain mail
rPois    .         Reflect  .   (helmet restricted)
rElec    .         Harm     .   (no cloak)
rCorr    .         Rampage  .   (no gloves)
Will     .....     NoTele   +   (no boots)
Stlth    ..........             (no amulet)
HPRegen  0.33/turn              v - ring of protection from cold
MPRegen  0.13/turn              o - +3 ring of strength

@: paralysed, berserk cooldown, slowed
A: retaliatory headbutt, horns 2
a: Renounce Religion, Berserk, Trog's Hand, Brothers in Arms


You were in the Dungeon.
You worshipped Trog.
Trog was exalted by your worship.
You visited 1 branch You collected 54 gold pieces.

Inventory:

Hand Weapons
 a - a +2 broad axe of flaming (weapon)
 w - a +2 broad axe of draining
Missiles
 p - 5 throwing nets (quivered)
Armour
 b - a +4 chain mail (worn)
 c - a +0 kite shield (worn)
Jewellery
 o - a +3 ring of strength (right hand)
 u - an uncursed ring of willpower
 v - a ring of protection from cold (left hand)
Scrolls
 j - 3 scrolls of blinking
 l - 4 scrolls of remove curse
 m - a scroll of summoning
 r - 6 scrolls of identify
 s - 2 scrolls of fear
Potions
 d - 4 potions of might
 e - 8 potions of curing
 f - 13 potions of heal wounds
 g - 2 potions of haste
 h - 4 potions of magic
 i - 6 potions of berserk rage
 k - 2 potions of invisibility
 t - a potion of mutation
Miscellaneous
 q - a box of beasts


   Skills:
 + Level 21.0 Fighting
 + Level 23.0 Axes
 + Level 16.0 Armour
 + Level 5.8 Dodging
 + Level 0.1 Stealth
 + Level 17.2 Shields


You had 12 spell levels left.
You didn't know any spells.
Your spell library was empty.

Dungeon Overview and Level Annotations

Branches:
Dungeon (1/1)

Altars:
Cheibriados
Dithmenos
Elyvilon
Fedhas
Gozag
Hepliaklqana
Makhleb
Nemelex Xobeh
Okawaru
Qazlal
Ru
Sif Muna
Trog
Vehumet
Wu Jian
Xom
Yredelemnul
Zin
The Shining One
Beogh
Jiyva
Lugonu


Innate Abilities, Weirdness & Mutations

You reflexively headbutt those who attack you in melee.
You have a pair of horns on your head.


Message History

* * * LOW HITPOINT WARNING * * *
The four-headed hydra completely misses you.
The four-headed hydra bites you!
* * * LOW HITPOINT WARNING * * *
The great orb of eyes bites you.
* * * LOW HITPOINT WARNING * * *
The four-headed hydra bites you but does no damage. x2
The four-headed hydra bites you!
* * * LOW HITPOINT WARNING * * *
The four-headed hydra bites you but does no damage.
The great orb of eyes bites you.
* * * LOW HITPOINT WARNING * * *
The four-headed hydra bites you but does no damage. x2
The four-headed hydra bites you!
* * * LOW HITPOINT WARNING * * *
The four-headed hydra bites you but does no damage.
The great orb of eyes bites you.
* * * LOW HITPOINT WARNING * * *
The four-headed hydra bites you!
You die...

+..........# #..........#
###########..#....#..#
.........''..........#
.........''..........#
#######..##..#....#..#
#x#†#..##..........+
#G#)..##..........+
#@#..####''####''#
#D##..####''####''# #.#
#..##.))=..##...
###############..##.#)##.##...
.................##.#:.+.##.[#
.................##.':)#.##..#
######''###########.#..'.##..#
#########''###########.+|:#.##..#
................##..##.##+#.##..#


You could see a four-headed hydra, a great orb of eyes and a small abomination.

Vanquished Creatures
  A royal mummy (D)
  A balrug (D)
  An eidolon (D)
  Harold (D)
  A death knight (D)
  A merfolk aquamancer (D)
  A two-headed ogre (D)
  An alligator (D)
  2 hell hogs (D)
  6 death yaks (D)
  3 hell knights (D)
  A deep troll (D)
  A flayed ghost (D)
  A necromancer (D)
  A manticore (D)
  2 orc sorcerers (D)
  A cyclops (D)
  An elephant (D)
  Joseph (D)
  An orange demon (D)
  Psyche (D)
  An efreet (D)
  A freezing wraith (D)
  2 guardian mummies (D)
  A wind drake (D)
  A hornet (D)
  A polar bear (D)
  A merfolk (D)
  4 blink frogs (D)
  2 snapping turtles (D)
  A flying skull (D)
  4 water elementals (D)
  A redback (D)
  A spriggan (D)
  A tarantella (D)
  12 yaks (D)
  A chaos spawn (D)
  A fire bat (D)
  3 vampire mosquitoes (D)
  A soldier ant (D)
  A water moccasin (D)
  A necrophage (D)
  A black bear (D)
  A centaur (D)
  A wolf (D)
  A phantom (D)
  A scorpion (D)
  2 gnoll shamans (D)
  A hell rat (D)
  2 worker ants (D)
  A small abomination (D)
  11 gnolls (D)
  2 adders (D)
  A river rat (D)
  An adder zombie (D)
  A leopard gecko (D)
  5 orcs (D)
  A ball python (D)
  A bat skeleton (D)
  A giant cockroach (D)
  4 jackals (D)
  4 kobolds (D)
  2 bats (D)
  2 goblins (D)
  A rat (D)
120 creatures vanquished.

Vanquished Creatures (collateral kills)
  A death cob (D)
  A boulder beetle (D)
  A deep elf pyromancer (D)
  A cane toad (D)
  A shadow (D)
  3 vampire mosquitoes (D)
  A hell rat (D)
9 creatures vanquished.

Vanquished Creatures (others)
  A golden eye (D)
  An orc wizard (D)
2 creatures vanquished.

Grand Total: 131 creatures vanquished

Notes
Turn   | Place    | Note
-------+----------+-------------------------------------------
     0 | D        | mhtbhm the Minotaur Fighter began the quest for the Orb.
     0 | D        | Reached XP level 1. HP: 19/19 MP: 0/0
    22 | D        | Found a bloodstained altar of Trog.
    22 | D        | Found a shimmering blue altar of Sif Muna.
    22 | D        | Found a viscous altar of Jiyva.
    22 | D        | Found a hazy altar of Hepliaklqana.
    22 | D        | Found an opulent altar of Gozag.
    23 | D        | Found a glowing golden altar of the Shining One.
    23 | D        | Found a glowing silver altar of Zin.
    23 | D        | Found a basalt altar of Yredelemnul.
    23 | D        | Found a shimmering altar of Xom.
    23 | D        | Found an ornate altar of the Wu Jian Council.
    23 | D        | Found a sacrificial altar of Ru.
    23 | D        | Found a stormy altar of Qazlal.
    23 | D        | Found an iron altar of Okawaru.
    23 | D        | Found a sparkling altar of Nemelex Xobeh.
    23 | D        | Found a burning altar of Makhleb.
    23 | D        | Found a blossoming altar of Fedhas.
    23 | D        | Found a white marble altar of Elyvilon.
    23 | D        | Found a shadowy altar of Dithmenos.
    23 | D        | Found a snail-covered altar of Cheibriados.
    25 | D        | Found a radiant altar of Vehumet.
    25 | D        | Found a corrupted altar of Lugonu.
    25 | D        | Found a roughly hewn altar of Beogh.
    27 | D        | Became a worshipper of Trog the Wrathful
    71 | D        | Reached XP level 2. HP: 23/28 MP: 1/1
    72 | D        | Reached skill level 5 in Armour
   135 | D        | Reached * piety under Trog
   136 | D        | Reached skill level 3 in Axes
   144 | D        | Reached ** piety under Trog
   151 | D        | Reached skill level 5 in Fighting
   151 | D        | Reached skill level 5 in Shields
   151 | D        | Reached XP level 3. HP: 36/36 MP: 2/2
   151 | D        | Reached *** piety under Trog
   152 | D        | Reached skill level 4 in Axes
   256 | D        | Noticed a black bear
   262 | D        | Reached **** piety under Trog
   263 | D        | Killed a black bear
   264 | D        | Reached skill level 6 in Axes
   264 | D        | Reached skill level 1 in Dodging
   264 | D        | Reached XP level 4. HP: 45/45 MP: 3/3
   265 | D        | Reached skill level 7 in Axes
   265 | D        | Reached XP level 5. HP: 52/52 MP: 4/4
   270 | D        | Reached ***** piety under Trog
   273 | D        | Received a gift from Trog
   316 | D        | Reached skill level 8 in Axes
   318 | D        | Noticed a water moccasin
   327 | D        | Killed a water moccasin
   328 | D        | Reached skill level 9 in Axes
   328 | D        | Reached XP level 6. HP: 61/62 MP: 5/5
   332 | D        | Noticed a flying skull
   332 | D        | Noticed a fire bat
   334 | D        | Killed a fire bat
   335 | D        | Reached skill level 10 in Axes
   340 | D        | Reached XP level 7. HP: 67/71 MP: 6/6
   343 | D        | Killed a flying skull
   344 | D        | Reached skill level 10 in Fighting
   344 | D        | Reached skill level 11 in Axes
   344 | D        | Received a gift from Trog
   353 | D        | Noticed a flayed ghost
   353 | D        | Noticed a merfolk
   361 | D        | Killed a flayed ghost
   362 | D        | Reached skill level 13 in Axes
   362 | D        | Reached skill level 10 in Shields
   362 | D        | Reached XP level 8. HP: 82/82 MP: 7/7
   372 | D        | Killed a merfolk
   508 | D        | Noticed Harold
   508 | D        | Noticed a blink frog
   509 | D        | Noticed a blink frog
   511 | D        | Noticed a blink frog
   511 | D        | Noticed a blink frog
   518 | D        | Killed a blink frog
   519 | D        | Reached skill level 14 in Axes
   521 | D        | Killed Harold
   521 | D        | Killed a blink frog
   522 | D        | Reached skill level 15 in Axes
   522 | D        | Reached skill level 10 in Armour
   522 | D        | Reached XP level 9. HP: 75/90 MP: 8/8
   526 | D        | Received a gift from Trog
   527 | D        | Reached skill level 16 in Axes
   733 | D        | Noticed an orc sorcerer
   733 | D        | Noticed a two-headed ogre
   736 | D        | Noticed an ice devil
   739 | D        | Killed a two-headed ogre
   740 | D        | Reached skill level 17 in Axes
   749 | D        | Killed an orc sorcerer
   750 | D        | Reached XP level 10. HP: 101/101 MP: 9/9
   803 | D        | Noticed a deep troll
   803 | D        | Noticed a death cob
   817 | D        | Killed a deep troll
   842 | D        | Killed a death cob
   843 | D        | Reached skill level 18 in Axes
  1072 | D        | Noticed a merfolk aquamancer
  1074 | D        | Noticed a death yak
  1083 | D        | Killed a merfolk aquamancer
  1083 | D        | Reached ****** piety under Trog
  1083 | D        | Received a gift from Trog
  1087 | D        | Reached skill level 19 in Axes
  1088 | D        | Killed a death yak
  1089 | D        | Reached skill level 15 in Fighting
  1270 | D        | Reached XP level 11. HP: 104/112 MP: 10/10
  1271 | D        | Received a gift from Trog
  1287 | D        | Received a gift from Trog
  1362 | D        | Noticed a royal mummy
  1363 | D        | Noticed an emperor scorpion
  1376 | D        | Noticed a death scarab
  1376 | D        | Noticed a death scarab
  1376 | D        | Noticed a death scarab
  1380 | D        | Noticed an emperor scorpion
  1381 | D        | Killed a royal mummy
  1382 | D        | Reached skill level 20 in Axes
  1714 | D        | Received a gift from Trog
  1724 | D        | Noticed an orc sorcerer
  1730 | D        | Killed an orc sorcerer
  1733 | D        | Reached skill level 5 in Dodging
  1759 | D        | Reached skill level 15 in Shields
  1778 | D        | Received a gift from Trog
  1783 | D        | Got a bloodstained hand axe {god gift}
  1784 | D        | Identified the +1 hand axe of Linearity {vorpal, +Rage rN+}
                  | (Trog gifted it to you in the Dungeon)
  1807 | D        | Noticed an eidolon
  1814 | D        | Killed an eidolon
  1815 | D        | Reached skill level 21 in Axes
  1815 | D        | Reached XP level 12. HP: 80/127 MP: 11/11
  1834 | D        | Received a gift from Trog
  1839 | D        | Received a gift from Trog
  1848 | D        | Noticed a boulder beetle
  1855 | D        | Killed a boulder beetle
  2152 | D        | Got a bloodstained hand axe {god gift}
  2153 | D        | Identified the +3 hand axe of Truncation {flame, Str+6}
                  | (Trog gifted it to you in the Dungeon)
  2163 | D        | Noticed Joseph
  2164 | D        | Noticed a death yak
  2166 | D        | Received a gift from Trog
  2169 | D        | Noticed a death yak
  2170 | D        | Noticed a death yak
  2172 | D        | Noticed a death yak
  2174 | D        | Noticed a death yak
  2176 | D        | Received a gift from Trog
  2182 | D        | Killed a death yak
  2183 | D        | Killed a death yak
  2183 | D        | Received a gift from Trog
  2184 | D        | Reached skill level 15 in Armour
  2188 | D        | Killed a death yak
  2191 | D        | Killed a death yak
  2192 | D        | Reached skill level 22 in Axes
  2193 | D        | Killed a death yak
  2198 | D        | Killed Joseph
  2561 | D        | Noticed an alligator
  2561 | D        | Noticed a balrug
  2567 | D        | Received a gift from Trog
  2580 | D        | Killed a balrug
  2580 | D        | Received a gift from Trog
  2586 | D        | Killed an alligator
  2588 | D        | Reached XP level 13. HP: 109/141 MP: 12/12
  2985 | D        | Received a gift from Trog
  2991 | D        | Noticed Psyche
  2994 | D        | Killed Psyche
  2996 | D        | Reached skill level 23 in Axes
  3008 | D        | Paralysed by a great orb of eyes for 6 turns
  3010 | D        | HP: 7/143 [four-headed hydra (11)]
  3011 | D        | Slain by a four-headed hydra

Illustrated notes

Levels and vault maps discovered:
D:        pitsprint [storerooms_1, entrance_room_1, metal_vault_6, armoury_2,
          mini_pit_1, grid_room_1, main_hall_1, silver_pit, the_coven_2,
          the_vestibule_1, steel_vault_4, golden_pit, hallway_of_sentries,
          crystal_vault_6, iron_vault_4, final_vault]

Skill      XL: |  1  2  3  4  5  6  7  8  9 10 11 12 13 |
---------------+----------------------------------------+-----
Fighting       | 4 5 6 7 8 9 11 12 13 15 18 20 21 | 21.0
Armour         | 4 5 6 7 8 9 10 11 12 14 15 16 | 16.0
Shields        | 4 5 6 8 10 11 12 13 15 17 | 17.2
Axes           | 3 6 7 9 10 13 15 17 19 21 22 23 | 23.0
Dodging        | 1 2 3 4 5 |  5.8
Stealth        | |  0.1

Action                   |  1- 3 |  4- 6 |  7- 9 | 10-12 | 13-15 || total
-------------------------+-------+-------+-------+-------+-------++-------
Melee: Hand axe          |    25 |    32 |    21 |       |       ||    78
       War axe           |     1 |       |       |       |       ||     1
       Headbutt          |     2 |     4 |     7 |    51 |    10 ||    74
       Broad axe         |       |       |    29 |   179 |    23 ||   231
Invok: Berserk           |     2 |       |     3 |     6 |     1 ||    12
       Brothers in Arms  |       |       |       |     2 |       ||     2
  Use: Potion            |       |       |       |     3 |     2 ||     5
       Scroll            |       |       |       |     1 |       ||     1
Armor: Scale mail        |    17 |       |       |       |       ||    17
       Plate armour      |     6 |    21 |     4 |       |       ||    31
       Chain mail        |       |       |     6 |    32 |    25 ||    63
Dodge: Dodged            |     6 |    10 |    11 |    39 |    17 ||    83
Block: Kite shield       |    13 |     7 |    22 |    83 |    22 ||   147

Table legend: (Time is in decaauts)
 A = Elapsed time spent in this place.
 B = Non-inter-level travel time spent in this place.
 C = Inter-level travel time spent in this place.
 D = Time resting spent in this place.
 E = Time spent auto-exploring this place.
 F = Levels seen in this place.
 G = Mean time per level.
                   A        B        C        D        E       F      G
               +--------+--------+--------+--------+--------+-----+--------+
         Total |   3052 |   3052 |      0 |   1940 |     54 |   1 | 3052.0 |
       Dungeon |   3052 |   3052 |      0 |   1940 |     54 |   1 | 3052.0 |
               +--------+--------+--------+--------+--------+-----+--------+

Top non-repeatable levels by time:
       D: 3052 daAuts
